 Dungeon Crawl Stone Soup version 0.21-a0-582-g1b93aee (webtiles) character file.

39552 galech the Brawler (level 13, -5/117 (118) HPs)
             Began as a Troll Monk on Dec 19, 2017.
             Was the Champion of Okawaru.
             Slain by a death yak (18 damage)
             ... on level 3 of the Lair of Beasts.
             The game lasted 00:42:58 (14211 turns).

galech the Brawler (Troll Monk)                    Turns: 14211, Time: 00:42:58

HP:   -5/117 (118)  AC: 10    Str: 26    XL:     13   Next: 69%
MP:   0/14          EV: 11    Int:  6    God:    Okawaru [******]
Gold: 1643          SH: 17    Dex: 12    Spells: 12/12 levels left

rFire    + . .     SeeInvis .     - Unarmed
rCold    . . .     Gourm    +   Z - +0 large shield
rNeg     . . .     Faith    .   D - +0 troll leather armour
rPois    +         Spirit   +   (helmet restricted)
rElec    .         Reflect  .   G - +2 cloak
rCorr    .         Harm     .   (gloves unavailable)
MR       .....                  (boots unavailable)
Stlth    ++........             g - amulet of guardian spirit
HPRegen  1.09/turn              O - ring of poison resistance
MPRegen  0.14/turn              n - ring of protection from fire

@: no status effects
A: large, unfitting armour, claws 3, fast metabolism 3, gourmand, regeneration
1, shaggy fur 1, tough skin 2
a: Heroism, Finesse, Renounce Religion


You were on level 3 of the Lair of Beasts.
You worshipped Okawaru.
Okawaru was exalted by your worship.
You were very full.

You visited 4 branches of the dungeon, and saw 17 of its levels.
You also visited: Sewer and Volcano.

You collected 1871 gold pieces.
You spent 228 gold pieces at shops.

Inventory:

Armour
 d - a +1 robe of cold resistance
 z - a +0 robe of fire resistance
 D - a +0 troll leather armour (worn)
 G - a +2 cloak (worn)
 H - the +2 robe of Defence {*Slow +Inv Slay+3}
   (Okawaru gifted it to you on level 9 of the Dungeon)

   It affects your accuracy and damage with ranged weapons and melee attacks
   (+3).
   It lets you turn invisible.
   It may slow you when you take damage.
 R - a +2 robe of positive energy
 Z - a +0 large shield (worn)
Jewellery
 g - an amulet of guardian spirit (around neck)
 l - an uncursed ring of flight
 n - a ring of protection from fire (right claw)
 r - an uncursed ring of stealth
 v - an uncursed ring of ice
 O - a ring of poison resistance (left claw)
 P - a +4 amulet of reflection {unknown}
Wands
 x - a wand of digging (10)
Scrolls
 c - 2 scrolls of enchant weapon
 h - 6 scrolls of remove curse
 i - 5 scrolls of magic mapping
 j - 5 scrolls of teleportation
 s - 2 scrolls of fear
 w - 4 scrolls of amnesia
 y - 2 scrolls of enchant armour
 E - 4 scrolls of fog
 Y - 2 scrolls of blinking
Potions
 e - 7 potions of agility {unknown}
 f - a potion of brilliance
 k - 3 potions of heal wounds
 m - 2 potions of invisibility
 q - 3 potions of might
 t - 7 potions of curing
 u - 2 potions of ambrosia
 A - 2 potions of magic
 C - a potion of flight
 J - 2 potions of resistance
 K - a potion of berserk rage
 Q - a potion of lignification
 S - 4 potions of mutation
 T - a potion of cancellation
Miscellaneous
 F - a crystal ball of energy
Comestibles
 b - 30 rations


   Skills:
 + Level 5.2 Fighting
 + Level 4.0 Armour
 + Level 8.3 Dodging
 + Level 4.5 Stealth
 + Level 7.6 Shields
 + Level 16.3 Unarmed Combat
 + Level 3.5 Invocations


You had 12 spell levels left.
You didn't know any spells.

Dungeon Overview and Level Annotations

Branches:
Dungeon (11/15)            Temple (1/1) D:5            Lair (3/6) D:8
  Swamp (0/4) Lair:2       Spider (0/4) Lair:2          Orc (2/2) D:9
    Elf (0/3) Orc:2

Altars:
Ashenzari
Cheibriados
Dithmenos
Elyvilon
Fedhas
Gozag
Hepliaklqana
Kikubaaqudgha
Makhleb
Nemelex Xobeh
Okawaru
Qazlal
Ru
Sif Muna
Trog
Uskayaw
Vehumet
Wu Jian
Xom
Yredelemnul
Zin
The Shining One
Beogh

Shops:
D:4 *   D:5 *   Orc:2 ([*:


Innate Abilities, Weirdness & Mutations

You are too large for most types of armour.
You have claws for hands.
Your metabolism is lightning-fast.
You like to eat raw meat.
Your natural rate of healing is unusually fast.
You are covered in fur. (AC +1)
You have very tough skin. (AC +2)


Message History

You kill the death yak!
Okawaru is honoured by your kill. Something appears at your feet!
Okawaru grants you armour!
You claw the death yak!
The death yak is heavily wounded.
You block the death yak's attack.
You eviscerate the yak!!!
You kill the yak!
Okawaru accepts your kill. The death yak gores you!!
* * * LOW HITPOINT WARNING * * *
The death yak gores you.
* * * LOW HITPOINT WARNING * * *
Things that are here:
a yak corpse; a death yak corpse You claw the death yak!
The death yak is heavily wounded.
The death yak gores you!!
You die...

##Y.#.# ....
#....## ...#
#....P# ....#
#h....# #.....
##..#.## #......
#.?#######......#
#.....PP#.......#
##.....Y[........
#####.@##.P#...#
#### ### #


You could see a death yak.

Vanquished Creatures
  2 orc warlords (Orc:2)
  Azrael (Orc:2)
  2 hydras
  Erica (Lair:1)
  2 two-headed ogres
  5 orc high priests
  5 death yaks (Lair:3)
  A wizard (D:9)
  4 orc knights (Orc:2)
  7 orc sorcerers
  Maurice (D:8)
  5 spiny frogs
  A komodo dragon (Lair:1)
  A kobold demonologist (D:9)
  An efreet (Volcano)
  A rime drake (Lair:1)
  3 trolls
  8 blink frogs
  A hippogriff (D:10)
  2 dream sheep (D:8)
  2 wyverns
  13 yaks
  A basilisk (D:9)
  6 fire elementals
  5 wargs
  3 hell hounds (Orc:2)
  5 water moccasins
  5 porcupines
  31 orc warriors
  2 ice beasts
  2 black bears (D:10)
  4 phantoms
  8 ogres
  3 necrophages
  13 crocodiles
  12 wolves
  6 big kobolds
  Blork the orc (D:4)
  8 bullfrogs
  A gnoll sergeant (D:7)
  A wyvern zombie (D:9)
  2 earth elementals (Volcano)
  3 scorpions
  A wyvern skeleton (D:10)
  3 wights (D:10)
  6 killer bees (D:10)
  3 howler monkeys
  4 crimson imps
  A centaur zombie (D:7)
  4 bullfrog zombies
  A quasit (D:7)
  Crazy Yiuf (D:6)
  3 jellies
  A gnoll shaman (D:5)
  19 orc priests
  A centaur skeleton (D:8)
  7 hounds
  6 iguanas (Lair:2)
  6 worker ants
  27 orc wizards
  21 gnolls
  A howler monkey skeleton (D:9)
  18 adders
  An adder skeleton (D:8)
  2 adder zombies
  3 worms
  A dart slug (D:3)
  15 leopard geckos
  137 orcs
  3 ball pythons
  8 giant cockroaches
  6 goblins
  9 hobgoblins
  15 jackals
  28 kobolds
  4 quokkas
  6 bats
  16 frilled lizards
  A jackal zombie (D:5)
  A quokka zombie (D:7)
  3 rats
  3 plants (Sewer)
587 creatures vanquished.

Vanquished Creatures (others)
  An orc sorcerer (Orc:2)
  6 bushes
  4 fungi
  13 plants
24 creatures vanquished.

Grand Total: 611 creatures vanquished

Notes
Turn   | Place    | Note
-------+----------+-------------------------------------------
     0 | D:1      | galech the Troll Monk began the quest for the Orb.
     0 | D:1      | Reached XP level 1. HP: 22/22 MP: 0/0
   158 | D:1      | Reached XP level 2. HP: 29/29 MP: 1/1
   695 | D:2      | Reached XP level 3. HP: 36/36 MP: 2/2
  1324 | D:3      | Reached XP level 4. HP: 42/44 MP: 0/3
  1362 | D:3      | Reached skill level 4 in Unarmed Combat
  1732 | D:3      | Found a sacrificial altar of Ru.
  1813 | D:4      | Found Gozag's Platinum Reserve.
  1814 | D:4      | Found an opulent altar of Gozag.
  1859 | D:4      | Found a deep blue altar of Sif Muna.
  1950 | D:3      | Reached XP level 5. HP: 38/52 MP: 2/4
  2018 | D:4      | Noticed an ogre
  2021 | D:4      | Reached skill level 5 in Unarmed Combat
  2030 | D:4      | Killed an ogre
  2030 | D:4      | Reached XP level 6. HP: 14/59 MP: 1/5
  2163 | D:4      | Found a glowing drain.
  2174 | Sewer    | Entered a sewer
  2842 | D:4      | Reached skill level 6 in Unarmed Combat
  2842 | D:4      | Reached XP level 7. HP: 67/67 MP: 6/6
  2972 | D:4      | Noticed Blork the orc
  2982 | D:4      | Killed Blork the orc
  3384 | D:5      | Entered Level 5 of the Dungeon
  3387 | D:5      | Found Nogh's Assorted Antiques.
  3510 | D:5      | Reached skill level 7 in Unarmed Combat
  3743 | D:5      | Found a bloodstained altar of Trog.
  3782 | D:5      | Got a dazzling dagger {drain}
  3783 | D:5      | Identified the cursed +1 dagger of Massacring {drain, Str+2 Int+2} (You took it off a gnoll on level 5 of the Dungeon)
  3818 | D:5      | Found a staircase to the Ecumenical Temple.
  3825 | Temple   | Entered the Ecumenical Temple
  3834 | Temple   | Became a worshipper of Warmaster Okawaru
  3834 | Temple   | Reached * piety under Okawaru
  3834 | Temple   | Reached ** piety under Okawaru
  4010 | D:5      | Found a hazy altar of Hepliaklqana.
  4017 | D:5      | Found a blossoming altar of Fedhas.
  4144 | D:6      | Reached XP level 8. HP: 70/75 MP: 7/7
  4206 | D:6      | Reached skill level 8 in Unarmed Combat
  4399 | D:6      | Found a white marble altar of Elyvilon.
  4401 | D:6      | Found a shimmering altar of Xom.
  4553 | D:6      | Found a runed door.
  4557 | D:6      | Noticed Crazy Yiuf
  4565 | D:6      | Killed Crazy Yiuf
  5170 | D:7      | Reached skill level 9 in Unarmed Combat
  5488 | D:8      | Found a sparkling altar of Nemelex Xobeh.
  5546 | D:8      | Reached skill level 5 in Dodging
  5672 | D:8      | Reached skill level 1 in Shields
  5691 | D:8      | Reached XP level 9. HP: 65/82 MP: 6/8
  5695 | D:8      | Noticed Maurice
  5730 | D:8      | Reached *** piety under Okawaru
  5798 | D:8      | Killed Maurice
  5798 | D:8      | Reached skill level 10 in Unarmed Combat
  6012 | D:9      | Noticed a kobold demonologist
  6013 | D:9      | Noticed a red devil
  6015 | D:9      | Reached **** piety under Okawaru
  6022 | D:9      | Killed a kobold demonologist
  6036 | D:9      | Got a faintly glowing spear
  6037 | D:9      | Identified the cursed +1 spear of Butchery {freeze, -Tele rF+ Str+6 Dex+2} (You found it on level 9 of the Dungeon)
  6127 | D:9      | Noticed a troll
  6137 | D:9      | Killed a troll
  6137 | D:9      | Received a gift from Okawaru
  6137 | D:9      | Reached XP level 10. HP: 75/91 MP: 5/9
  6296 | D:9      | Found a glowing silver altar of Zin.
  6304 | D:9      | Reached skill level 11 in Unarmed Combat
  6307 | D:9      | Reached skill level 1 in Armour
  6490 | D:9      | Found a staircase to the Orcish Mines.
  6504 | D:9      | Noticed an orc sorcerer
  6504 | D:9      | Noticed a wizard
  6505 | D:9      | Noticed an orc sorcerer
  6507 | D:9      | Noticed an orc sorcerer
  6532 | D:9      | Killed an orc sorcerer
  6532 | D:9      | Reached ***** piety under Okawaru
  6532 | D:9      | Received a gift from Okawaru
  6535 | D:9      | Got a shimmering robe {god gift}
  6535 | D:9      | Paralysed by an orc sorcerer for 4 turns
  6559 | D:9      | Identified the +2 robe of Defence {*Slow +Inv Slay+3} (Okawaru gifted it to you on level 9 of the Dungeon)
  6670 | D:9      | Killed an orc sorcerer
  6688 | D:9      | Killed a wizard
  6688 | D:9      | Reached skill level 1 in Invocations
  6905 | D:10     | Entered Level 10 of the Dungeon
  7204 | D:10     | Reached skill level 12 in Unarmed Combat
  7393 | D:10     | Found a roughly hewn altar of Beogh.
  7594 | D:10     | Reached XP level 11. HP: 99/99 MP: 11/11
  8041 | D:8      | Noticed a two-headed hydra
  8053 | D:8      | Killed an eight-headed hydra
  8136 | D:8      | Found a staircase to the Lair.
  8355 | D:8      | You fall through a shaft for 3 floors!
  8508 | D:8      | Noticed a two-headed ogre
  8517 | D:8      | Killed a two-headed ogre
  8975 | D:9      | Killed an orc sorcerer
  8980 | Orc:1    | Entered Level 1 of the Orcish Mines
  8984 | Orc:1    | Noticed an orc sorcerer
  9046 | Orc:1    | Killed an orc sorcerer
  9046 | Orc:1    | Reached skill level 13 in Unarmed Combat
  9134 | Orc:1    | Found a roughly hewn altar of Beogh.
  9134 | Orc:1    | Noticed an orc high priest
  9144 | Orc:1    | Killed an orc high priest
  9144 | Orc:1    | Reached skill level 5 in Shields
  9255 | Orc:2    | Entered Level 2 of the Orcish Mines
  9455 | Orc:2    | Noticed an orc knight
  9525 | Orc:2    | Killed an orc knight
  9593 | Orc:2    | Found a dark tunnel.
  9598 | Volcano  | Entered a volcano
  9604 | Volcano  | Reached XP level 12. HP: 108/108 MP: 12/12
  9837 | Orc:2    | Noticed Azrael
  9849 | Orc:1    | Received a gift from Okawaru
  9849 | Orc:1    | Reached skill level 14 in Unarmed Combat
  9898 | Orc:2    | Killed Azrael
 10055 | Orc:2    | Noticed an orc warlord
 10085 | Orc:2    | Killed an orc warlord
 10246 | Orc:2    | Noticed an orc high priest
 10444 | Orc:1    | Killed an orc high priest
 10542 | Orc:2    | Noticed an orc warlord
 10554 | Orc:2    | Killed an orc warlord
 10582 | Orc:2    | Found a burning altar of Makhleb.
 10648 | Orc:2    | Noticed an orc high priest
 10649 | Orc:2    | Noticed an orc high priest
 10660 | Orc:2    | Killed an orc high priest
 10661 | Orc:2    | Killed an orc high priest
 10661 | Orc:2    | Reached skill level 15 in Unarmed Combat
 10663 | Orc:2    | Noticed an orc high priest
 10673 | Orc:2    | Killed an orc high priest
 10826 | Orc:2    | Reached ****** piety under Okawaru
 10826 | Orc:2    | Reached XP level 13. HP: 105/116 MP: 11/14
 10850 | Orc:2    | Reached skill level 5 in Fighting
 10945 | Orc:2    | Found Wyoquock's Antique Armour Emporium.
 10946 | Orc:2    | Found Ymuq's Antique Weapon Emporium.
 10948 | Orc:2    | Found Cimmubb's General Store.
 10948 | Orc:2    | Found Qushy's Book Shoppe.
 10994 | Orc:2    | Bought a potion of mutation for 96 gold pieces
 10994 | Orc:2    | Bought a potion of cancellation for 96 gold pieces
 10994 | Orc:2    | Bought a scroll of teleportation for 36 gold pieces
 11064 | Orc:2    | Found a staircase to the Elven Halls.
 11431 | Orc:2    | Received a gift from Okawaru
 12010 | Lair:1   | Entered Level 1 of the Lair of Beasts
 12064 | Lair:1   | Noticed Erica
 12323 | Lair:1   | Killed Erica
 13375 | Lair:2   | Reached skill level 16 in Unarmed Combat
 13681 | Lair:2   | Found a hole to the Spider Nest.
 13695 | Lair:2   | Found a staircase to the Swamp.
 14207 | Lair:3   | Received a gift from Okawaru
 14211 | Lair:3   | Slain by a death yak

Vault maps used:
D:1:      elethiomel_arrival_quiet
D:3:      nicolae_ru_path_of_blood, first_ration
D:4:      nicolae_overflow_crystal_walls, nicolae_gozag_zags_fifth_avenue,
          cheibrodos_sewer_entry_bend, uniq_blork_the_orc
D:5:      nicolae_overflow_hidden_temple, amethyst_overflow_temple_binary,
          minmay_temple_entry_overgrown, serial_shops, shop
D:6:      chequers_temple_overflow_statue_of_worship, uniq_crazy_yiuf_cottage
D:7:      serial_undead, serial_undead_c, serial_undead_b, serial_undead_e,
          serial_undead_d
D:8:      nemelex_xobeh_ov_fountains_minmay, minmay_lair_entry_grove,
          hangedman_ranch, uniq_maurice
D:9:      cheibrodos_wizards_tower, lemuel_doored_altar, orc_0_dummy
D:10:     special_room
D:11:     serial_shops, kennysheep_mini_moat, serial_bayou_lake_a
Temple:   nicolae_temple_no_exploring_needed
Lair:1:   hangedman_lair_generics_rect, uniq_erica
Lair:2:   lemuel_reptile_caves, swamp_mist, dummy_spider_entry
Lair:3:   serial_bayou_shore_a, minmay_lair_oklob_chamber
Orc:1:    kennysheep_orc_chapel
Orc:2:    st_orc_congregation, basic_altar, enter_volcano_4,
          minmay_orc_barracks, uniq_azrael
Sewer:    sewer_co_scattered_pipes
Volcano:  volcano_caves

Skill      XL: |  1  2  3  4  5  6  7  8  9 10 11 12 13 |
---------------+----------------------------------------+-----
Dodging        | 3 4 5 6 7 8 |  8.3
Unarmed Combat | 4 5 6 7 9 10 12 13 15 16 | 16.3
Fighting       | 3 4 5 |  5.2
Stealth        | 2 3 4 |  4.5
Shields        | 1 2 3 5 6 7 |  7.6
Armour         | 2 3 4 |  4.0
Invocations    | 1 2 3 |  3.5

Action                   |  1- 3 |  4- 6 |  7- 9 | 10-12 | 13-15 || total
-------------------------+-------+-------+-------+-------+-------++-------
Melee: Unarmed           |    86 |   211 |   319 |   842 |   367 ||  1825
       Punch             |     1 |     1 |     8 |       |       ||    10
Invok: Heroism           |       |       |     5 |    10 |     3 ||    18
       Finesse           |       |       |       |     8 |     1 ||     9
  Use: Scroll            |       |       |    14 |    10 |     7 ||    31
 Stab: Sleeping          |     4 |     2 |    17 |     6 |     5 ||    34
       Distracted        |       |       |     1 |     1 |     1 ||     3
  Eat: Chunk             |    16 |    14 |    31 |    43 |    33 ||   137
Armor: Robe              |    21 |    56 |    81 |     2 |       ||   160
       Troll leather arm |       |       |       |   212 |    65 ||   277
Dodge: Dodged            |    46 |   117 |   132 |   281 |   122 ||   698
Block: Shield            |       |       |    63 |   347 |   147 ||   557
       Large shield      |       |       |       |       |    80 ||    80

Table legend:
 A = Spawn XP
 B = Non-spawn XP
 C = Spawn XP percentage of total XP
 D = Spawn monster count
 E = Non-spawn monster count
 F = Spawn count percentage of total count
 G = Total turns spent on level
                    A         B        C        D         E        F      G
               +---------+---------+-------+---------+---------+-------+---------
         Total |       0 |   56504 |   0.0 |       0 |     585 |   0.0 | 14211
               +---------+---------+-------+---------+---------+-------+---------
           D:1 |       0 |      39 |   0.0 |       0 |      22 |   0.0 |   686
           D:2 |       0 |      48 |   0.0 |       0 |      13 |   0.0 |   622
           D:3 |       0 |     200 |   0.0 |       0 |      31 |   0.0 |   556
           D:4 |       0 |     641 |   0.0 |       0 |      21 |   0.0 |   870
           D:5 |       0 |     356 |   0.0 |       0 |      22 |   0.0 |   640
           D:6 |       0 |     501 |   0.0 |       0 |      24 |   0.0 |   758
           D:7 |       0 |     592 |   0.0 |       0 |      15 |   0.0 |   687
           D:8 |       0 |    6484 |   0.0 |       0 |      48 |   0.0 |  1250
           D:9 |       0 |    5630 |   0.0 |       0 |      46 |   0.0 |  1117
          D:10 |       0 |    2381 |   0.0 |       0 |      52 |   0.0 |  1129
          D:11 |       0 |     129 |   0.0 |       0 |      14 |   0.0 |    85
        Lair:1 |       0 |    5598 |   0.0 |       0 |      14 |   0.0 |   856
        Lair:2 |       0 |    4679 |   0.0 |       0 |      55 |   0.0 |  1167
        Lair:3 |       0 |    5209 |   0.0 |       0 |      11 |   0.0 |   178
         Orc:1 |       0 |    5252 |   0.0 |       0 |      44 |   0.0 |   971
         Orc:2 |       0 |   17588 |   0.0 |       0 |     128 |   0.0 |  1833
         Sewer |       0 |      63 |   0.0 |       0 |      19 |   0.0 |   650
       Volcano |       0 |    1114 |   0.0 |       0 |       6 |   0.0 |   137
               +---------+---------+-------+---------+---------+-------+---------
